 Dungeon Crawl Stone Soup version 0.21-a0-401-g0b6bec4 (webtiles) character file.

357 riteheju the Covert (level 6, 0/30 HPs)
             Began as a Spriggan Assassin on Oct 25, 2017.
             Killed from afar by Eustachio (21 damage)
             ... with an exploding inner flame
             ... hexed by the player character
             ... on level 4 of the Dungeon.
             The game lasted 00:16:08 (4854 turns).

riteheju the Covert (Spriggan Assassin)             Turns: 4854, Time: 00:16:08

Health: 0/30       AC:  3    Str:  7    XL:     6   Next: 36%
Magic:  7/7        EV: 20    Int: 17    God:
Gold:   185        SH:  0    Dex: 19    Spells: 5/5 levels left

rFire    . . .     SeeInvis +   p - +2 dagger (venom)
rCold    . . .     Gourm    .   (shield restricted)
rNeg     . . .     Faith    .   c - +0 robe
rPois    .         Spirit   .   (helmet restricted)
rElec    .         Reflect  .   d - +0 cloak
rCorr    .         Harm     .   (gloves unavailable)
MR       +....                  (boots unavailable)
Stlth    +++++.....             (no amulet)
HPRegen  0.10/turn              A - +2 ring of evasion
MPRegen  0.10/turn              E - +4 ring of intelligence

@: very quick
A: unfitting armour, see invisible, herbivore 3, speed 3, slow metabolism 2
a: no special abilities


You were on level 4 of the Dungeon.
You were full.

You visited 1 branch of the dungeon, and saw 4 of its levels.

You collected 185 gold pieces.

Inventory:

Hand Weapons
 a - a +2 dagger
 b - a +0 blowgun
 p - a +2 dagger of venom (weapon)
 w - a +0 hunting sling
Missiles
 e - 8 poisoned needles
 f - 2 curare-tipped needles
 j - 95 stones (quivered)
 r - 16 sling bullets
 D - 13 arrows
Armour
 c - a +0 robe (worn)
 d - a +0 cloak (worn)
Jewellery
 A - a +2 ring of evasion (left hand)
 E - a +4 ring of intelligence (right hand)
Wands
 C - a wand of digging (12/24)
Scrolls
 h - a scroll of fog
 i - a scroll of identify
 k - 2 scrolls of recharging {unknown}
 l - 3 scrolls of immolation
 q - a scroll of amnesia {unknown}
 t - 2 scrolls of remove curse {unknown}
 x - a scroll of fear {unknown}
 y - a scroll of random uselessness {unknown}
 B - 2 scrolls of blinking {unknown}
Potions
 m - 2 potions of heal wounds
 n - 3 potions of curing
 o - a potion of agility
 s - 2 potions of degeneration {unknown}
 v - a potion of mutation {unknown}
 z - 2 potions of flight {unknown}
Comestibles
 g - a bread ration
 u - 3 fruits


   Skills:
 - Level 1.5 Fighting
 * Level 4.2 Short Blades
 - Level 2.0 Throwing
 + Level 2.9 Dodging
 - Level 10.1 Stealth


You had 5 spell levels left.
You didn't know any spells.

Dungeon Overview and Level Annotations

Branches:
Dungeon (4/15)
 Temple: D:4-7

Altars:
Cheibriados
Qazlal
Sif Muna
Trog
Xom


Innate Abilities, Weirdness & Mutations

You are very small and have problems with some larger weapons.
You are too small for most types of armour.
You have supernaturally acute eyesight. (SInv)
You are a herbivore.
You cover ground extremely quickly.
You need consume almost no food.


Message History

You closely miss Eustachio.
Eustachio is severely wounded.
Eustachio completely misses you. The shadow imp spits at you.
The shadow imp gestures at you. Pain shoots through your body!
You hit Eustachio.
Eustachio looks as sick as possible!
Eustachio is severely wounded.
The iron imp barely misses you.
Eustachio gestures wildly while chanting.
The shadow imp hits you.
You hit Eustachio.
Eustachio is almost dead.
The bat misses you. The iron imp hits you. Eustachio closely misses you.
You miss Eustachio.
Eustachio is almost dead.
Eustachio explodes!
The fiery explosion engulfs you!
Ouch! That really hurt!
You die...

.# .# .## ###########
#..# #.........##...#
#..............#
#.....5...#...# #
#....@5§.....# ...
.......#b§§....###.....
######..§.§(.....(.....
.............>.(..(.
######..(.###...(...
#.....#.# >.....(
#.#(....# .......
###.#(##.## #.$......
#...#.##.# #.......$.


You could see an iron imp, a shadow imp and a bat.

Vanquished Creatures
  An ogre (D:4)
  A water moccasin skeleton (D:4)
  A scorpion (D:3)
  A centaur skeleton (D:4)
  A worker ant (D:4)
  A hound skeleton (D:4)
  3 adders
  2 adder skeletons (D:4)
  3 worms
  4 dart slugs
  3 leopard geckos
  An orc (D:3)
  3 ball pythons
  4 giant cockroaches
  8 goblins
  6 hobgoblins
  2 jackals (D:1)
  6 kobolds
  4 quokkas
  2 bats
  5 frilled lizards
  6 rats (D:1)
68 creatures vanquished.

Notes
Turn   | Place    | Note
-------+----------+-------------------------------------------
     0 | D:1      | riteheju the Spriggan Assassin began the quest for the Orb.
     0 | D:1      | Reached XP level 1. HP: 10/10 MP: 2/2
    21 | D:1      | Reached skill level 6 in Stealth
   286 | D:1      | Reached XP level 2. HP: 14/14 MP: 3/3
   654 | D:1      | Reached skill level 7 in Stealth
  1302 | D:2      | Reached XP level 3. HP: 18/18 MP: 4/4
  2191 | D:3      | Reached skill level 8 in Stealth
  2226 | D:3      | Reached XP level 4. HP: 17/22 MP: 5/5
  2864 | D:3      | Found a snail-covered altar of Cheibriados.
  2866 | D:3      | Found a stormy altar of Qazlal.
  2870 | D:3      | Found a bloodstained altar of Trog.
  2870 | D:3      | Found a deep blue altar of Sif Muna.
  2879 | D:3      | Found a shimmering altar of Xom.
  3088 | D:4      | Noticed an ogre
  3133 | D:4      | HP: 1/22 [poisoned by a worker ant]
  3499 | D:4      | Noticed a phantom
  3782 | D:3      | Reached skill level 9 in Stealth
  3782 | D:3      | Reached XP level 5. HP: 25/25 MP: 6/6
  4307 | D:4      | Noticed Eustachio
  4335 | D:4      | Killed an ogre
  4335 | D:4      | Reached XP level 6. HP: 30/30 MP: 7/7
  4621 | D:4      | Reached skill level 10 in Stealth
  4854 | D:4      | Killed Eustachio
  4854 | D:4      | Killed from afar by Eustachio

Vault maps used:
D:1:      roderic_dead_forest, serial_corexii_hall, corexii_hall_statues_i,
          corexii_hall_statues_s, corexii_hall_statues_t
D:3:      minitemple, serial_bayou_pond_e, minmay_goblin_outpost
D:4:      temple_statues, uniq_eustachio

Skill      XL: |  1  2  3  4  5  6 |
---------------+-------------------+-----
Stealth        | 6 7 8 9 10 | 10.1
Short Blades   | 3 4 |  4.2
Dodging        | 2 |  2.9
Fighting       | |  1.5
Throwing       | |  2.0

Action                   |  1- 3 |  4- 6 || total
-------------------------+-------+-------++-------
Melee: Dagger            |   105 |   119 ||   224
 Fire: Blowgun           |     6 |       ||     6
Throw: Stone             |    53 |    37 ||    90
  Use: Scroll            |     4 |     1 ||     5
 Stab: Sleeping          |     9 |     7 ||    16
  Eat: Fruit             |       |     1 ||     1
       Bread ration      |       |     1 ||     1
Armor: Robe              |     8 |     5 ||    13
Dodge: Dodged            |    54 |    85 ||   139

Table legend:
 A = Spawn XP
 B = Non-spawn XP
 C = Spawn XP percentage of total XP
 D = Spawn monster count
 E = Non-spawn monster count
 F = Spawn count percentage of total count
 G = Total turns spent on level
                    A         B        C        D         E        F      G
               +---------+---------+-------+---------+---------+-------+---------
         Total |       0 |     510 |   0.0 |       0 |      68 |   0.0 |  4854
               +---------+---------+-------+---------+---------+-------+---------
           D:1 |       0 |      40 |   0.0 |       0 |      23 |   0.0 |  1299
           D:2 |       0 |      45 |   0.0 |       0 |      16 |   0.0 |   820
           D:3 |       0 |     120 |   0.0 |       0 |      17 |   0.0 |  1485
           D:4 |       0 |     305 |   0.0 |       0 |      12 |   0.0 |  1250
               +---------+---------+-------+---------+---------+-------+---------
